 Dungeon Crawl Stone Soup version 0.28-a0-1412-gf95308ed99 (webtiles) character file.

Game seed: 17245550052414362524

1288 spaghetti the Ruffian (level 8, -6/67 HPs)
             Began as a Gnoll Cinder Acolyte on Jan 6, 2022.
             Was a High Priest of Ignis.
             Mangled by an ogre (27 damage)
             ... on level 5 of the Dungeon.
             The game lasted 00:18:06 (6427 turns).

spaghetti the Ruffian (Gnoll Cinder Acolyte)        Turns: 6427, Time: 00:18:06

Health: -6/67      AC:  9    Str: 16    XL:     8   Next: 55%
Magic:  10/14      EV: 10    Int: 20    God:    Ignis [*****.]
Gold:   195        SH:  7    Dex:  7    Spells: 8/15 levels left

rFire   + . .      SeeInvis .     - Unarmed
rCold   . . .      Faith    .   o - +0 kite shield
rNeg    . . .      Spirit   .   y - +3 leather armour of the Past {Slay+2}
rPois   +          Reflect  .   z - +0 helmet
rElec   .          Harm     .   k - +0 cloak
rCorr   .          Rampage  .   i - +0 pair of gloves
Will    .....                   (no boots)
Stlth   ++........              (no amulet)
HPRegen 0.21/turn               q - +6 ring of intelligence
MPRegen 0.14/turn               v - ring of poison resistance

@: no status effects
A: fangs 1, strong nose, distributed training
a: Renounce Religion, Fiery Armour, Foxfire Swarm


You were on level 5 of the Dungeon.
You worshipped Ignis.
Ignis was extremely pleased with you.
You visited 1 branch of the dungeon, and saw 5 of its levels.

You collected 361 gold pieces.
You spent 166 gold pieces at shops.


Innate Abilities, Weirdness & Mutations

You have very sharp teeth.
Your uncanny sense of smell can sniff out nearby items.
Your experience applies equally to all skills.


   Skills:
 + Level 7.4 Fighting
 + Level 3.3 Short Blades
 + Level 3.3 Long Blades
 + Level 3.3 Axes
 + Level 3.3 Maces & Flails
 + Level 3.3 Polearms
 + Level 3.3 Staves
 + Level 3.3 Slings
 + Level 3.3 Bows
 + Level 3.3 Crossbows
 + Level 3.3 Throwing
 + Level 3.3 Armour
 + Level 3.3 Dodging
 + Level 3.3 Stealth
 + Level 3.3 Shields
 + Level 7.4 Unarmed Combat
 + Level 4.4 Spellcasting
 + Level 2.7 Conjurations
 + Level 2.7 Hexes
 + Level 2.7 Summonings
 + Level 2.7 Necromancy
 + Level 2.7 Translocations
 + Level 2.7 Transmutations
 + Level 6.1 Fire Magic
 + Level 2.7 Ice Magic
 + Level 2.7 Air Magic
 + Level 2.7 Earth Magic
 + Level 2.7 Poison Magic
 + Level 3.7 Invocations
 + Level 3.3 Evocations


You had 8 spell levels left.
You knew the following spells:

 Your Spells              Type           Power      Damage    Failure   Level
a - Scorch                Fire           58%        2d8       5%          2
b - Call Canine Familiar  Summ           15%        N/A       41%         3
c - Blink                 Tloc           30%        N/A       22%         2

Your spell library contained the following spells:

 Spells                   Type           Power      Damage    Failure   Level
 Slow                     Hex            60%        N/A       16%         1
 Sting                    Tmut/Pois      60%        1d6       16%         1
 Poisonous Vapours        Pois/Air       30%        N/A       22%         2
 Confusing Touch          Hex            15%        N/A       41%         3
 Portal Projectile        Hex/Tloc       30%        N/A       41%         3
 Vampiric Draining        Necr           15%        2d7       41%         3
 Leda's Liquefaction      Hex/Erth       7%         N/A       83%         4
 Olgreb's Toxic Radiance  Pois           15%        N/A       83%         4
 Manifold Assault         Tloc           15%        N/A       99%         5
 Storm Form               Tmut/Air       7%         N/A       100%        7

Inventory:

Missiles
 e - 30 sling bullets
 f - 106 stones (quivered) {throwing}
 j - 4 boomerangs {throwing}
 l - 24 bolts
 s - 13 arrows
Armour
 i - a +0 pair of gloves (worn)
   (You found it on level 2 of the Dungeon)
 k - a +0 cloak (worn)
   (You bought it in a shop on level 3 of the Dungeon)
 o - a +0 kite shield (worn)
   (You bought it in a shop on level 3 of the Dungeon)
 y - the +3 leather armour of the Past (worn) {Slay+2}
   (You found it on level 5 of the Dungeon)

   Slay:      It affects your accuracy & damage with ranged weapons and melee
   (+2).
 z - a +0 helmet (worn)
   (You bought it in a shop on level 3 of the Dungeon)
Jewellery
 n - an amulet of faith {!P}
   (You found it on level 3 of the Dungeon)
 q - a +6 ring of intelligence (left hand)
   (You found it on level 3 of the Dungeon)
 v - a ring of poison resistance (right hand)
   (You found it on level 4 of the Dungeon)
Wands
 x - a wand of charming (7)
   (You found it on level 5 of the Dungeon)
Scrolls
 h - a scroll of fear {unknown}
 p - a scroll of amnesia {unknown}
 t - 2 scrolls of teleportation {unknown}
 u - 2 scrolls of identify {unknown}
 A - a scroll of magic mapping {!r}
 B - a scroll of immolation {unknown}
Potions
 a - a potion of curing {@q1}
 b - a potion of resistance {unknown}
 c - a potion of magic {unknown}
 d - 2 potions of degeneration {unknown}
 g - a potion of heal wounds {unknown}
 m - 3 potions of mutation {unknown}
 r - a potion of haste {unknown}
 w - a potion of berserk rage {unknown}

Dungeon Overview and Level Annotations

Branches:
Dungeon (5/15)
 Temple: D:4-7

Altars:
Nemelex Xobeh
Yredelemnul

Shops:
D:3

[:!*[ ,* *,* *,*****
** *,* *,* #####
##### ##...##
##..(##
####.....#####.....#
...#.....†.........#
...#.....#####.(...#
##.##...##,,,##...##
##)###†##,,,,,##@##
.....#.#,,,,,,,#O#
.#...'.#,..:g..'h#
.....#.#,.h....#.#
.#.###.#*.....##.#*
...#*...*#...#*..(**
##.#,....####*,...,*
###,.....,∆,,,...,*
*.....##***.....*


You could see an ogre and a hound.


Message History

No target in view!
No target in view!
No target in view!
No target in view!
No target in view!
No target in view!
Unknown command.
You punch something! Your bite misses something.
Something hits you but does no damage. x2
You completely miss something. Something hits you but does no damage.
You punch something! Your bite misses something. Something hits you.
Something shocks you. 😕 HP[-7]
You take 7 damage, and now have 60/67 hp.
You barely miss something. Something hits you. Something shocks you. 😕 HP[-7]
You take 7 damage, and now have 53/67 hp.
You closely miss something. Something hits you.
Something shocks you. 😮 HP[-8] MP[+1]
You take 8 damage, and now have 45/67 hp.
You barely miss something. Your bite misses something. Something hits you.
Something shocks you. 😮 HP[-5]
You take 5 damage, and now have 40/67 hp.
You barely miss something. Your bite misses something.
You closely miss something. Something hits you but does no damage.
You barely miss something. Something hits you but does no damage.
You miss something. You bite something.
A sky beast appears from thin air!
Reactivating autopickup.
The sky beast closely misses you.
A sky beast appears from thin air!
You punch the sky beast!
You kill the sky beast!
The sky beast flickers out of sight!
Deactivating autopickup; reactivate with Ctrl-A. 😮 HP[+1]
You closely miss something. Something hits you but does no damage.
You miss something.
Something hits you but does no damage. 😮 MP[+1]
You hit something but do no damage. Your bite misses something.
Something hits you but does no damage.
You punch something! You block something's attack.
You hit something but do no damage. Something hits you. Something shocks you.
* * * LOW HITPOINT WARNING * * *
😨 HP[-8]
You take 8 damage, and now have 33/67 hp.
You closely miss something. Something hits you but does no damage.
You closely miss something. Something completely misses you.
You punch something! Your bite misses something.
Something hits you but does no damage. 😨 MP[+1]
Your mp is fully restored (14).
Casting: Scorch (safe; 6% risk of failure)
Confirm with . or Enter, or press ? or * to list all spells.
Flames lash something.
Reactivating autopickup.
You feel a bit more experienced. 😮 HP[+1] MP[-2]
You lost 2 mp, and now have 12/14 mp.
You enter the shallow water.
Moving in this stuff is going to be slow.
A gnoll and an ogre come into view.
The gnoll shouts!
A hound comes into view.
Things that are here:
a stone {throwing}; a sky beast corpse; an adder corpse
Casting: Scorch (safe; 5% risk of failure)
Confirm with . or Enter, or press ? or * to list all spells.
Nothing appears to happen. 😮 MP[-2]
You lost 2 mp, and now have 10/14 mp.
Casting: Scorch (safe; 5% risk of failure)
Confirm with . or Enter, or press ? or * to list all spells.
Nothing appears to happen. 😮 HP[+1] MP[-2]
You lost 2 mp, and now have 8/14 mp.
You swing at nothing.
You swing at nothing. 😮 MP[+1]
You punch the gnoll! You closely miss the gnoll.
The gnoll splashes around in the water.
You barely miss the gnoll. The gnoll hits you with a +0 whip.
* * * LOW HITPOINT WARNING * * *
😨 HP[-5]
You take 5 damage, and now have 30/67 hp.
The hound barks!
You punch the gnoll!
You kill the gnoll!
You hear a splash.
You barely miss the ogre. You bite the ogre. You block the ogre's attack.
You hit the ogre but do no damage. The ogre barely misses you.
You hit the ogre. You bite the ogre.
The ogre hits you but does no damage. 😨 HP[+1] MP[+1]
You hit the ogre. You punch the ogre! The ogre hits you with a +0 giant club!
* * * LOW HITPOINT WARNING * * *
😨 HP[-10]
You take 10 damage, and now have 21/67 hp.
You punch the ogre!
The ogre hits you with a +0 giant club!!
You die...

Skill      XL: |  1  2  3  4  5  6  7  8 |
---------------+-------------------------+-----
Invocations    | 1 2 3 |  3.7
Short Blades   | 1 2 3 |  3.3
Long Blades    | 1 2 3 |  3.3
Axes           | 1 2 3 |  3.3
Maces & Flails | 1 2 3 |  3.3
Polearms       | 1 2 3 |  3.3
Staves         | 1 2 3 |  3.3
Slings         | 1 2 3 |  3.3
Bows           | 1 2 3 |  3.3
Crossbows      | 1 2 3 |  3.3
Throwing       | 1 2 3 |  3.3
Armour         | 1 2 3 |  3.3
Dodging        | 1 2 3 |  3.3
Stealth        | 1 2 3 |  3.3
Shields        | 1 2 3 |  3.3
Evocations     | 1 2 3 |  3.3
Spellcasting   | 3 4 |  4.4
Conjurations   | 1 2 |  2.7
Hexes          | 1 2 |  2.7
Summonings     | 1 2 |  2.7
Necromancy     | 1 2 |  2.7
Translocations | 1 2 |  2.7
Transmutations | 1 2 |  2.7
Ice Magic      | 1 2 |  2.7
Air Magic      | 1 2 |  2.7
Earth Magic    | 1 2 |  2.7
Poison Magic   | 1 2 |  2.7
Fighting       | 7 |  7.4
Unarmed Combat | 7 |  7.4
Fire Magic     | 6 |  6.1

Action                   |  1- 3 |  4- 6 |  7- 9 || total
-------------------------+-------+-------+-------++-------
Melee: Unarmed           |    27 |   105 |    71 ||   203
       Bite              |     1 |     9 |     4 ||    14
Throw: Stone             |    52 |    74 |    25 ||   151
 Cast: Scorch            |    23 |    11 |    28 ||    62
       Blink             |       |       |     1 ||     1
       Call Canine Famil |       |       |     1 ||     1
Invok: Rising Flame      |       |     1 |       ||     1
  Use: Scroll            |       |       |     1 ||     1
Armor: Robe              |     3 |       |       ||     3
       Plate armour      |       |    75 |       ||    75
       Leather armour    |       |       |    31 ||    31
Dodge: Dodged            |    20 |    16 |    21 ||    57
Block: Kite shield       |       |    22 |    15 ||    37

Levels and vault maps discovered:
D:1:      dpeg_arrival_refuge, layout_loops_ring
D:2:      layout_basic, basic_altar
D:3:      layout_loops_ring, ebering_ecumenical_altar_abandoned, serial_shops,
          shop, nicolae_shop_trees, shop, shop_coins, shop,
          chequers_serial_rivers_room_b, minmay_misc_feat_iff
D:4:      layout_basic, st_stairs_10
D:5:      minmay_octagon_keep, layout_loops_ring,
          mainiacjoe_overflow_six_doors_small, st_stairs_7,
          kennysheep_generic_room_14

Notes
Turn   | Place    | Note
-------+----------+-------------------------------------------
     0 | D:1      | spaghetti the Gnoll Cinder Acolyte began the quest for the
                  | Orb.
     0 | D:1      | Reached XP level 1. HP: 23/23 MP: 4/4
     0 | D:1      | magus.rc [v1.9.6]
   381 | D:1      | magus.rc [v1.9.6]
   434 | D:1      | Reached XP level 2. HP: 20/29 MP: 5/5
   577 | D:1      | Learned a level 2 spell: Scorch
   803 | D:1      | You add the spells Sting, Poisonous Vapours and Olgreb's
                  | Toxic Radiance to your library.
  1155 | D:2      | Reached XP level 3. HP: 35/35 MP: 4/7
  1215 | D:2      | Found a sparkling altar of Nemelex Xobeh.
  1539 | D:2      | Reached skill level 1 in Invocations
  1808 | D:2      | Reached skill level 1 in Short Blades
  1808 | D:2      | Reached skill level 1 in Long Blades
  1808 | D:2      | Reached skill level 1 in Axes
  1808 | D:2      | Reached skill level 1 in Maces & Flails
  1808 | D:2      | Reached skill level 1 in Polearms
  1808 | D:2      | Reached skill level 1 in Staves
  1808 | D:2      | Reached skill level 1 in Slings
  1808 | D:2      | Reached skill level 1 in Bows
  1808 | D:2      | Reached skill level 1 in Crossbows
  1808 | D:2      | Reached skill level 1 in Throwing
  1808 | D:2      | Reached skill level 1 in Armour
  1808 | D:2      | Reached skill level 1 in Dodging
  1808 | D:2      | Reached skill level 1 in Stealth
  1808 | D:2      | Reached skill level 1 in Shields
  1808 | D:2      | Reached skill level 1 in Evocations
  1808 | D:2      | Reached XP level 4. HP: 41/41 MP: 3/8
  1986 | D:2      | You pick up a book of the Hunter and begin reading...
  1986 | D:2      | You add the spells Call Canine Familiar, Portal Projectile
                  | and Leda's Liquefaction to your library.
  1991 | D:2      | Learned a level 3 spell: Call Canine Familiar
  2034 | D:2      | Reached skill level 3 in Spellcasting
  2568 | D:3      | Found Wyneuxac's Book Shop.
  2571 | D:3      | Found Wos Ypiu's Armour Boutique.
  2579 | D:3      | Bought a +0 cloak for 58 gold pieces
  2753 | D:3      | Found Futopsel's Distillery.
  3013 | D:3      | Found Anam's Armour Shop.
  3018 | D:3      | Bought a +0 kite shield for 54 gold pieces
  3096 | D:3      | Reached skill level 1 in Conjurations
  3096 | D:3      | Reached skill level 1 in Hexes
  3096 | D:3      | Reached skill level 1 in Summonings
  3096 | D:3      | Reached skill level 1 in Necromancy
  3096 | D:3      | Reached skill level 1 in Translocations
  3096 | D:3      | Reached skill level 1 in Transmutations
  3096 | D:3      | Reached skill level 1 in Ice Magic
  3096 | D:3      | Reached skill level 1 in Air Magic
  3096 | D:3      | Reached skill level 1 in Earth Magic
  3096 | D:3      | Reached skill level 1 in Poison Magic
  3107 | D:3      | You add the spells Blink, Manifold Assault and Storm Form
                  | to your library.
  3238 | D:3      | Found a faded altar of an unknown god.
  3246 | D:3      | You pick up a book of Debilitation and begin reading...
  3246 | D:3      | You add the spells Slow, Vampiric Draining and Confusing
                  | Touch to your library.
  3266 | D:3      | Noticed a necrophage
  3274 | D:3      | Killed a necrophage
  3275 | D:3      | Reached XP level 5. HP: 47/47 MP: 9/9
  3287 | D:3      | Found Yhux's Assorted Antiques.
  3461 | D:4      | Noticed a phantom
  3480 | D:3      | Killed a phantom
  3481 | D:3      | Reached skill level 2 in Invocations
  3481 | D:3      | Reached XP level 6. HP: 24/53 MP: 9/11
  3672 | D:4      | Reached skill level 2 in Short Blades
  3672 | D:4      | Reached skill level 2 in Long Blades
  3672 | D:4      | Reached skill level 2 in Axes
  3672 | D:4      | Reached skill level 2 in Maces & Flails
  3672 | D:4      | Reached skill level 2 in Polearms
  3672 | D:4      | Reached skill level 2 in Staves
  3672 | D:4      | Reached skill level 2 in Slings
  3672 | D:4      | Reached skill level 2 in Bows
  3672 | D:4      | Reached skill level 2 in Crossbows
  3672 | D:4      | Reached skill level 2 in Throwing
  3672 | D:4      | Reached skill level 2 in Armour
  3672 | D:4      | Reached skill level 2 in Dodging
  3672 | D:4      | Reached skill level 2 in Stealth
  3672 | D:4      | Reached skill level 2 in Shields
  3672 | D:4      | Reached skill level 2 in Evocations
  4699 | D:5      | Entered Level 5 of the Dungeon
  4724 | D:5      | Found a basalt altar of Yredelemnul.
  4834 | D:5      | Identified the +3 leather armour of the Past {Slay+2}
  4904 | D:5      | Learned a level 2 spell: Blink
  5000 | D:5      | Reached XP level 7. HP: 59/59 MP: 7/12
  5012 | D:5      | Reached skill level 7 in Fighting
  5012 | D:5      | Reached skill level 7 in Unarmed Combat
  5247 | D:5      | Reached skill level 2 in Conjurations
  5247 | D:5      | Reached skill level 2 in Hexes
  5247 | D:5      | Reached skill level 2 in Summonings
  5247 | D:5      | Reached skill level 2 in Necromancy
  5247 | D:5      | Reached skill level 2 in Translocations
  5247 | D:5      | Reached skill level 2 in Transmutations
  5247 | D:5      | Reached skill level 2 in Ice Magic
  5247 | D:5      | Reached skill level 2 in Air Magic
  5247 | D:5      | Reached skill level 2 in Earth Magic
  5247 | D:5      | Reached skill level 2 in Poison Magic
  5340 | D:4      | Reached skill level 3 in Invocations
  5543 | D:3      | Bought a +0 helmet for 54 gold pieces
  5809 | D:4      | Reached skill level 4 in Spellcasting
  6219 | D:5      | Reached skill level 6 in Fire Magic
  6219 | D:5      | Reached XP level 8. HP: 67/67 MP: 8/14
  6276 | D:5      | Reached skill level 3 in Short Blades
  6276 | D:5      | Reached skill level 3 in Long Blades
  6276 | D:5      | Reached skill level 3 in Axes
  6276 | D:5      | Reached skill level 3 in Maces & Flails
  6276 | D:5      | Reached skill level 3 in Polearms
  6276 | D:5      | Reached skill level 3 in Staves
  6276 | D:5      | Reached skill level 3 in Slings
  6276 | D:5      | Reached skill level 3 in Bows
  6276 | D:5      | Reached skill level 3 in Crossbows
  6276 | D:5      | Reached skill level 3 in Throwing
  6276 | D:5      | Reached skill level 3 in Armour
  6276 | D:5      | Reached skill level 3 in Dodging
  6276 | D:5      | Reached skill level 3 in Stealth
  6276 | D:5      | Reached skill level 3 in Shields
  6276 | D:5      | Reached skill level 3 in Evocations
  6427 | D:5      | Mangled by an ogre

Vanquished Creatures
  3 sky beasts (D:5)
  2 ogres (D:5)
  A necrophage (D:3)
  2 phantoms
  A scorpion (D:5)
  A bullfrog zombie (D:5)
  3 hounds
  An orc priest (D:5)
  A jelly (D:5)
  A gnoll shaman (D:4)
  A hound skeleton (D:4)
  4 gnolls
  9 adders
  A shadow imp (D:5)
  3 ufetubi (D:5)
  2 worms (D:2)
  3 dart slugs
  5 orcs
  4 endoplasms
  7 giant cockroaches
  4 goblins
  9 hobgoblins
  4 kobolds
  5 quokkas
  6 ball pythons
  3 bats
  5 frilled lizards
  4 rats
95 creatures vanquished.

Vanquished Creatures (collateral kills)
  A black bear (D:4)
1 creature vanquished.

Grand Total: 96 creatures vanquished

Table legend:
 A = Non-vault XP
 B = Vault XP
 C = Vault XP percentage of total XP
 D = Non-vault monster count
 E = Vault monster count
 F = Vault count percentage of total count
                 A         B        C        D         E       F
            +---------+---------+-------+---------+---------+-------
      Total |     930 |     911 |  49.5 |      82 |      14 |  14.6
            +---------+---------+-------+---------+---------+-------
        D:1 |      27 |       0 |   0.0 |      17 |       0 |   0.0
        D:2 |      77 |       0 |   0.0 |      21 |       0 |   0.0
        D:3 |     140 |     105 |  42.9 |      13 |       1 |   7.1
        D:4 |     284 |     137 |  32.5 |      16 |       2 |  11.1
        D:5 |     402 |     669 |  62.5 |      15 |      11 |  42.3
            +---------+---------+-------+---------+---------+-------

Illustrated notes

Table legend:
 A = Kills in this place as a percentage of kills in entire the game.
 B = Kills by you in this place as a percentage of kills by you in the entire game.
 C = Kills by friends in this place as a percentage of kills by friends in the entire game.
 D = Other kills in this place as a percentage of other kills in the entire game.
 E = Experience gained in this place as a percentage of experience gained in the entire game.
 F = Experience gained in this place divided by the number of levels of this place that you have seen.
                   A       B       C       D       E      F
               +-------+-------+-------+-------+-------+----------------------
         Total | 100.0 | 100.0 | 100.0 |   N/A | 100.0 | 368.2
       Dungeon | 100.0 | 100.0 | 100.0 |   N/A | 100.0 | 368.2
               +-------+-------+-------+-------+-------+----------------------

Table legend: (Time is in decaauts)
 A = Elapsed time spent in this place.
 B = Non-inter-level travel time spent in this place.
 C = Inter-level travel time spent in this place.
 D = Time resting spent in this place.
 E = Time spent auto-exploring this place.
 F = Levels seen in this place.
 G = Mean time per level.
                   A        B        C        D        E       F      G
               +--------+--------+--------+--------+--------+-----+--------+
         Total |   6451 |   6055 |    396 |   1708 |   3605 |   5 | 1290.2 |
       Dungeon |   6451 |   6055 |    396 |   1708 |   3605 |   5 | 1290.2 |
               +--------+--------+--------+--------+--------+-----+--------+

Top non-repeatable levels by time:
     D:2: 1545 daAuts
     D:4: 1416 daAuts
     D:3: 1344 daAuts
     D:5: 1121 daAuts
     D:1: 1023 daAuts
